2773 views
Uploaded 2022-01-25 19:25:02
Game version 1.32.10
23:16 long 4on4 ladder game on (8)Sanctuary_LV
Saved by xzz
2773 views
Uploaded 2022-01-25 19:25:02
Game version 1.32.10
23:16 long 4on4 ladder game on (8)Sanctuary_LV


125 units @ 21.2k
/ 4.5k
75 buildings @ 12.7k
/ 5.1k


| Rod of Necromancy | 1 | 150 |
| Sacrificial Skull | 1 | 50 |
| Potion of Healing | 4 | 600 |
| Potion of Mana | 4 | 800 |
| Orb of Corruption | 1 | 375 |
| Scroll of Town Portal | 2 | 700 |
| total: | 13 | 2675g |
| Acolyte | 12 | 900 | / | 0 |
| Ghoul | 3 | 360 | / | 0 |
| Crypt Fiend | 9 | 1935 | / | 360 |
| Frost Wyrm | 13 | 5005 | / | 1560 |
| Goblin Shredder | 1 | 375 | / | 100 |
| total: | 38 | 8575g | / | 2020w |
| Graveyard | 1 | 215 | / | 0 |
| Crypt | 1 | 200 | / | 50 |
| Altar of Darkness | 1 | 180 | / | 50 |
| Ziggurat | 15 | 2250 | / | 750 |
| Tomb of Relics | 2 | 260 | / | 60 |
| Necropolis | 1 | 225 | / | 0 |
| Boneyard | 6 | 1050 | / | 1200 |
| Halls of the Dead | 1 | 320 | / | 210 |
| Black Citadel | 2 | 650 | / | 460 |
| total: | 27 | 4380g | / | 2110w |
| 0:08 | Acolyte |
| 0:08 | Acolyte |
| 0:29 | Graveyard |
| 0:32 | Crypt |
| 0:46 | Altar of Darkness |
| 1:01 | Ziggurat |
| 1:16 | Ziggurat |
| 1:32 | Tomb of Relics |
| 1:43 | Ghoul |
| 2:04 | Crypt Fiend |
| 2:34 | Crypt Fiend |
| 2:51 | Rod of Necromancy |
| 2:54 | Death Coil |
| 2:55 | Sacrificial Skull |
| 3:16 | Carrion Swarm |
| 3:24 | Ghoul |
| 3:24 | Ghoul |
| 3:27 | Acolyte |
| 3:36 | Ziggurat |
| 4:22 | Necropolis |
| 4:32 | Ziggurat |
| 4:55 | Halls of the Dead |
| 4:57 | Crypt Fiend |
| 5:02 | Vampiric Aura |
| 5:09 | Unholy Aura |
| 5:12 | Black Citadel |
| 5:16 | Ziggurat |
| 5:31 | Ziggurat |
| 5:32 | Ziggurat |
| 5:56 | Goblin Shredder |
| 6:07 | Creature Attack |
| 6:16 | Improved Creature Attack |
| 6:16 | Creature Carapace |
| 6:22 | Acolyte |
| 6:22 | Acolyte |
| 6:56 | Acolyte |
| 6:56 | Acolyte |
| 7:02 | Ziggurat |
| 7:04 | Ziggurat |
| 7:05 | Ziggurat |
| 7:05 | Ziggurat |
| 7:09 | Carrion Swarm |
| 7:16 | Web |
| 7:16 | Crypt Fiend |
| 7:17 | Crypt Fiend |
| 7:20 | Death Coil |
| 7:33 | Boneyard |
| 7:35 | Boneyard |
| 7:36 | Boneyard |
| 7:50 | Potion of Healing |
| 7:53 | Potion of Mana |
| 7:56 | Advanced Creature Attack |
| 7:57 | Improved Creature Carapace |
| 8:37 | Acolyte |
| 8:37 | Acolyte |
| 9:04 | Acolyte |
| 9:04 | Acolyte |
| 9:06 | Frost Wyrm |
| 9:10 | Advanced Creature Carapace |
| 9:24 | Acolyte |
| 9:28 | Crypt Fiend |
| 9:28 | Crypt Fiend |
| 9:31 | Black Citadel |
| 9:37 | Frost Wyrm |
| 10:10 | Scroll of Town Portal |
| 10:10 | Potion of Healing |
| 10:11 | Potion of Mana |
| 10:18 | Potion of Mana |
| 10:33 | Frost Wyrm |
| 10:40 | Crypt Fiend |
| 10:40 | Crypt Fiend |
| 11:22 | Freezing Breath |
| 11:28 | Frost Wyrm |
| 11:50 | Sleep |
| 12:18 | Frost Wyrm |
| 12:27 | Boneyard |
| 12:28 | Boneyard |
| 12:29 | Boneyard |
| 12:43 | Tomb of Relics |
| 13:16 | Scroll of Town Portal |
| 13:16 | Potion of Healing |
| 13:18 | Orb of Corruption |
| 13:19 | Potion of Mana |
| 13:20 | Potion of Healing |
| 13:44 | Frost Wyrm |
| 13:55 | Ziggurat |
| 14:06 | Frost Wyrm |
| 14:29 | Frost Wyrm |
| 15:15 | Frost Wyrm |
| 15:17 | Frost Wyrm |
| 15:49 | Unholy Aura |
| 15:59 | Frost Wyrm |
| 16:55 | Carrion Swarm |
| 17:05 | Death Coil |
| 17:22 | Frost Wyrm |
| 17:27 | Frost Wyrm |
| 17:31 | Ziggurat |
| 17:31 | Ziggurat |
| 17:32 | Ziggurat |
| Select group | 1164 |
| Right click | 914 |
| Select | 396 |
| Build/train/purchase | 95 |
| Chat | 44 |
| Use ability | 36 |
| Assign group | 31 |
| Resource trade | 29 |
| Minimap ping | 16 |
| Item give/drop | 7 |


| Healing Salve | 3 | 300 |
| Lesser Clarity Potion | 3 | 210 |
| Scroll of Speed | 2 | 100 |
| Orb of Lightning | 1 | 375 |
| Scroll of Town Portal | 1 | 350 |
| total: | 10 | 1335g |
| Peon | 11 | 825 | / | 0 |
| Raider | 2 | 360 | / | 80 |
| Wind Rider | 12 | 3180 | / | 480 |
| Kodo Beast | 1 | 255 | / | 60 |
| Goblin Shredder | 2 | 750 | / | 200 |
| Goblin Sapper | 4 | 860 | / | 400 |
| total: | 32 | 6230g | / | 1220w |
| Watch Tower | 4 | 440 | / | 320 |
| Altar of Storms | 2 | 360 | / | 100 |
| Orc Burrow | 11 | 1760 | / | 440 |
| Voodoo Lounge | 1 | 130 | / | 30 |
| War Mill | 2 | 410 | / | 0 |
| Great Hall | 2 | 770 | / | 370 |
| Beastiary | 3 | 435 | / | 420 |
| Stronghold | 2 | 630 | / | 380 |
| Fortress | 2 | 650 | / | 380 |
| total: | 25 | 4305g | / | 1680w |
| 0:05 | Peon |
| 0:10 | Altar of Storms |
| 0:13 | Orc Burrow |
| 0:19 | Peon |
| 0:28 | Peon |
| 0:28 | Peon |
| 0:44 | Voodoo Lounge |
| 0:48 | Peon |
| 0:48 | Peon |
| 1:25 | Peon |
| 1:25 | Peon |
| 1:39 | Peon |
| 1:39 | Peon |
| 1:58 | Peon |
| 2:18 | Wind Walk |
| 2:19 | Healing Salve |
| 2:20 | Lesser Clarity Potion |
| 2:20 | Scroll of Speed |
| 2:25 | Stronghold |
| 2:42 | Orc Burrow |
| 2:53 | Orc Burrow |
| 4:08 | Orc Burrow |
| 4:50 | Beastiary |
| 4:55 | Beastiary |
| 4:58 | Beastiary |
| 5:00 | War Mill |
| 5:03 | Critical Strike |
| 5:36 | Goblin Shredder |
| 5:37 | Goblin Shredder |
| 5:51 | Orc Burrow |
| 5:59 | Fortress |
| 6:17 | Healing Salve |
| 6:17 | Lesser Clarity Potion |
| 6:17 | Scroll of Speed |
| 6:20 | Lesser Clarity Potion |
| 6:31 | Raider |
| 6:31 | Raider |
| 6:42 | Wind Rider |
| 6:42 | Wind Rider |
| 7:06 | Wind Rider |
| 7:06 | Wind Rider |
| 7:22 | Hex |
| 8:20 | Great Hall |
| 8:24 | Orc Burrow |
| 8:41 | Wind Rider |
| 8:52 | Steel Ranged Weapons |
| 8:52 | Thorium Ranged Weapons |
| 9:02 | Reinforced Defenses |
| 9:10 | Wind Rider |
| 9:41 | Healing Wave |
| 9:49 | Envenomed Spears |
| 9:49 | Wind Rider |
| 9:53 | Steel Armor |
| 9:54 | Thorium Armor |
| 10:19 | Critical Strike |
| 10:39 | Wind Rider |
| 10:47 | Arcanite Ranged Weapons |
| 11:00 | Orc Burrow |
| 11:47 | Healing Wave |
| 12:05 | Liquid Fire |
| 12:14 | Goblin Sapper |
| 12:14 | Goblin Sapper |
| 12:15 | Goblin Sapper |
| 12:15 | Goblin Sapper |
| 12:58 | Wind Rider |
| 13:02 | Orb of Lightning |
| 13:11 | Healing Salve |
| 13:16 | Scroll of Town Portal |
| 13:23 | Spiked Barricades |
| 13:24 | Improved Spiked Barricades |
| 13:27 | Watch Tower |
| 13:29 | Watch Tower |
| 13:30 | Watch Tower |
| 13:31 | Watch Tower |
| 13:45 | Kodo Beast |
| 13:46 | Wind Rider |
| 13:46 | Wind Rider |
| 15:06 | Wind Rider |
| 15:47 | Wind Walk |
| 16:14 | Great Hall |
| 16:16 | Orc Burrow |
| 16:16 | Orc Burrow |
| 16:19 | Altar of Storms |
| 16:35 | War Mill |
| 16:37 | Orc Burrow |
| 17:18 | Orc Burrow |
| 17:34 | Hex |
| Right click | 1499 |
| Select | 411 |
| Select group | 181 |
| Build/train/purchase | 99 |
| Use ability | 36 |
| Assign group | 20 |
| Item give/drop | 8 |
| Esc | 7 |
| Remove unit | 3 |
| Misc. action | 1 |


| Potion of Healing | 2 | 300 |
| Orb of Venom | 1 | 325 |
| Potion of Mana | 1 | 200 |
| Scroll of Town Portal | 2 | 700 |
| total: | 6 | 1525g |
| Wisp | 15 | 900 | / | 0 |
| Archer | 7 | 910 | / | 70 |
| Dryad | 14 | 2030 | / | 840 |
| Druid of the Claw | 4 | 1020 | / | 320 |
| Forest Troll High Priest | 1 | 305 | / | 40 |
| total: | 41 | 5165g | / | 1270w |
| Altar of Elders | 1 | 180 | / | 50 |
| Moon Well | 9 | 1620 | / | 360 |
| Ancient of War | 1 | 150 | / | 60 |
| Hunter's Hall | 1 | 210 | / | 100 |
| Ancient of Wonders | 2 | 180 | / | 60 |
| Tree of Life | 1 | 340 | / | 185 |
| Ancient of Lore | 2 | 310 | / | 290 |
| Tree of Ages | 1 | 320 | / | 180 |
| Tree of Eternity | 1 | 330 | / | 200 |
| total: | 17 | 2990g | / | 1105w |
| 0:03 | Wisp |
| 0:04 | Wisp |
| 0:04 | Wisp |
| 0:20 | Altar of Elders |
| 0:25 | Moon Well |
| 0:28 | Wisp |
| 0:28 | Wisp |
| 1:23 | Ancient of War |
| 1:28 | Moon Well |
| 1:33 | Wisp |
| 1:33 | Wisp |
| 1:33 | Wisp |
| 2:07 | Hunter's Hall |
| 2:11 | Wisp |
| 2:11 | Wisp |
| 2:24 | Moon Well |
| 2:26 | Archer |
| 2:26 | Archer |
| 2:29 | Immolation |
| 2:38 | Archer |
| 2:54 | Archer |
| 3:15 | Strength of the Moon |
| 3:23 | Moon Well |
| 3:58 | Archer |
| 4:06 | Moon Well |
| 4:36 | Evasion |
| 4:45 | Strength of the Wild |
| 4:47 | Archer |
| 4:48 | Archer |
| 5:19 | Ancient of Wonders |
| 5:44 | Tree of Ages |
| 5:48 | Reinforced Hides |
| 6:19 | Immolation |
| 7:03 | Tree of Life |
| 8:05 | Forest Troll High Priest |
| 8:24 | Evasion |
| 8:43 | Ancient of Lore |
| 9:06 | Improved Strength of the Wild |
| 9:27 | Moon Well |
| 9:30 | Wisp |
| 9:30 | Wisp |
| 9:31 | Wisp |
| 9:31 | Wisp |
| 9:31 | Wisp |
| 9:37 | Trueshot Aura |
| 9:43 | Ancient of Lore |
| 10:19 | Abolish Magic |
| 10:37 | Moon Well |
| 10:44 | Improved Reinforced Hides |
| 10:47 | Dryad |
| 10:47 | Dryad |
| 10:47 | Dryad |
| 12:35 | Moon Well |
| 12:36 | Dryad |
| 12:36 | Dryad |
| 12:44 | Tree of Eternity |
| 13:06 | Scroll of Town Portal |
| 13:07 | Potion of Healing |
| 13:34 | Moon Well |
| 13:41 | Ultravision |
| 15:01 | Searing Arrows |
| 15:05 | Dryad |
| 15:05 | Dryad |
| 15:35 | Dryad |
| 16:11 | Druid of the Claw Adept Training |
| 16:19 | Ancient of Wonders |
| 16:28 | Druid of the Claw |
| 16:28 | Druid of the Claw |
| 17:18 | Immolation |
| 17:41 | Potion of Healing |
| 17:41 | Orb of Venom |
| 17:56 | Scroll of Town Portal |
| 17:58 | Potion of Mana |
| 18:28 | Druid of the Claw |
| 18:28 | Druid of the Claw |
| 18:32 | Dryad |
| 18:32 | Dryad |
| 18:32 | Dryad |
| 18:56 | Dryad |
| 18:56 | Dryad |
| 18:56 | Dryad |
| Select | 262 |
| Right click | 145 |
| Build/train/purchase | 101 |
| Use ability | 6 |
| Minimap ping | 6 |
| Remove unit | 5 |
| Item give/drop | 3 |
| Misc. action | 2 |
| Acolyte | 9 | 675 | / | 0 |
| Ghoul | 5 | 600 | / | 0 |
| total: | 14 | 1275g | / | 0w |
| Graveyard | 1 | 215 | / | 0 |
| Crypt | 1 | 200 | / | 50 |
| Ziggurat | 3 | 450 | / | 150 |
| Altar of Darkness | 1 | 180 | / | 50 |
| Halls of the Dead | 2 | 640 | / | 420 |
| total: | 6 | 1045g | / | 250w |
| 0:04 | Acolyte |
| 0:09 | Graveyard |
| 0:12 | Crypt |
| 0:19 | Acolyte |
| 0:19 | Acolyte |
| 0:19 | Acolyte |
| 0:19 | Acolyte |
| 0:19 | Acolyte |
| 0:19 | Acolyte |
| 0:19 | Acolyte |
| 0:19 | Acolyte |
| 0:42 | Ziggurat |
| 0:45 | Ziggurat |
| 0:57 | Altar of Darkness |
| 1:13 | Ghoul |
| 1:22 | Ghoul |
| 1:39 | Ziggurat |
| 1:49 | Ghoul |
| 2:21 | Halls of the Dead |
| 2:32 | Ghoul |
| 2:44 | Ghoul |
| Select | 20 |
| Build/train/purchase | 17 |
| Right click | 10 |
| Misc. action | 8 |
| Select group | 3 |
| Assign group | 2 |
156 units @ 20.7k
/ 2.7k
77 buildings @ 12.9k
/ 5k


| Potion of Healing | 4 | 600 |
| Healing Salve | 1 | 100 |
| Scroll of Speed | 2 | 100 |
| Lesser Clarity Potion | 1 | 70 |
| Potion of Mana | 1 | 200 |
| Orb of Lightning | 1 | 375 |
| Scroll of Town Portal | 4 | 1400 |
| total: | 14 | 2845g |
| Peon | 13 | 975 | / | 0 |
| Troll Headhunter | 10 | 1400 | / | 200 |
| Shaman | 8 | 1040 | / | 160 |
| Troll Berserker | 7 | 980 | / | 140 |
| total: | 38 | 4395g | / | 500w |
| War Mill | 1 | 205 | / | 0 |
| Orc Burrow | 7 | 1120 | / | 280 |
| Altar of Storms | 1 | 180 | / | 50 |
| Barracks | 2 | 360 | / | 100 |
| Voodoo Lounge | 1 | 130 | / | 30 |
| Great Hall | 1 | 385 | / | 185 |
| Spirit Lodge | 1 | 150 | / | 150 |
| Stronghold | 1 | 315 | / | 190 |
| Fortress | 1 | 325 | / | 190 |
| total: | 14 | 2530g | / | 795w |
| 0:03 | Peon |
| 0:03 | Peon |
| 0:11 | War Mill |
| 0:16 | Orc Burrow |
| 0:31 | Altar of Storms |
| 0:46 | Peon |
| 1:06 | Barracks |
| 1:12 | Peon |
| 1:28 | Peon |
| 1:44 | Peon |
| 1:52 | Orc Burrow |
| 1:56 | Peon |
| 2:08 | Troll Headhunter |
| 2:19 | Voodoo Lounge |
| 2:31 | Troll Headhunter |
| 2:34 | Feral Spirit |
| 2:47 | Troll Headhunter |
| 3:11 | Barracks |
| 3:21 | Spiked Barricades |
| 3:32 | Troll Headhunter |
| 4:04 | Stronghold |
| 4:21 | Troll Headhunter |
| 4:58 | Chain Lighting |
| 5:04 | Troll Headhunter |
| 5:59 | Orc Burrow |
| 6:01 | Steel Ranged Weapons |
| 6:01 | Steel Armor |
| 6:18 | Feral Spirit |
| 6:32 | Troll Regeneration |
| 6:37 | Spirit Lodge |
| 6:40 | Troll Headhunter |
| 6:40 | Troll Headhunter |
| 7:03 | Orc Burrow |
| 7:05 | Peon |
| 7:05 | Peon |
| 7:09 | Troll Headhunter |
| 9:10 | Scroll of Town Portal |
| 9:11 | Potion of Healing |
| 9:11 | Healing Salve |
| 9:15 | Healing Wave |
| 9:18 | Fortress |
| 9:31 | Chain Lighting |
| 9:42 | Shaman Adept Training |
| 9:42 | Shaman |
| 9:57 | Potion of Healing |
| 9:59 | Scroll of Speed |
| 10:00 | Lesser Clarity Potion |
| 10:05 | Reinforced Defenses |
| 10:29 | Shaman |
| 10:29 | Shaman |
| 11:16 | Troll Headhunter |
| 11:38 | Potion of Healing |
| 11:39 | Scroll of Speed |
| 12:17 | Berserker Upgrade |
| 12:28 | Shaman Master Training |
| 12:33 | Orc Burrow |
| 12:59 | Troll Berserker |
| 13:06 | Improved Spiked Barricades |
| 13:14 | Troll Berserker |
| 13:37 | Orc Burrow |
| 14:19 | Great Hall |
| 14:34 | Troll Berserker |
| 14:34 | Troll Berserker |
| 15:33 | Troll Berserker |
| 15:37 | Feral Spirit |
| 15:39 | Scroll of Town Portal |
| 15:52 | Orc Burrow |
| 15:57 | Troll Berserker |
| 16:32 | Shaman |
| 16:32 | Shaman |
| 17:59 | Troll Berserker |
| 18:02 | Shaman |
| 18:04 | Scroll of Town Portal |
| 18:21 | Potion of Mana |
| 18:22 | Orb of Lightning |
| 18:43 | Potion of Healing |
| 19:48 | Scroll of Town Portal |
| 19:53 | Peon |
| 19:53 | Peon |
| 19:53 | Peon |
| 19:53 | Peon |
| 19:59 | Shaman |
| 19:59 | Shaman |
| 20:03 | Hex |
| Right click | 1135 |
| Select | 318 |
| Build/train/purchase | 89 |
| Chat | 51 |
| Select group | 35 |
| Use ability | 28 |
| Minimap ping | 8 |
| Assign group | 4 |
| Item give/drop | 2 |
| Remove unit | 2 |

| Healing Salve | 7 | 700 |
| Lesser Clarity Potion | 5 | 350 |
| Scroll of Speed | 2 | 100 |
| Orb of Lightning | 1 | 375 |
| Potion of Healing | 2 | 300 |
| Scroll of Town Portal | 4 | 1400 |
| Boots of Speed | 1 | 250 |
| total: | 22 | 3475g |
| Peon | 14 | 1050 | / | 0 |
| Grunt | 3 | 600 | / | 0 |
| Troll Headhunter | 6 | 840 | / | 120 |
| Wind Rider | 3 | 795 | / | 120 |
| Troll Batrider | 11 | 1760 | / | 440 |
| Goblin Shredder | 1 | 375 | / | 100 |
| total: | 38 | 5420g | / | 780w |
| Altar of Storms | 1 | 180 | / | 50 |
| Orc Burrow | 5 | 800 | / | 200 |
| Barracks | 1 | 180 | / | 50 |
| Voodoo Lounge | 11 | 1430 | / | 330 |
| War Mill | 2 | 410 | / | 0 |
| Great Hall | 1 | 385 | / | 185 |
| Beastiary | 5 | 725 | / | 700 |
| Stronghold | 1 | 315 | / | 190 |
| Fortress | 1 | 325 | / | 190 |
| total: | 26 | 4110g | / | 1515w |
| 0:14 | Peon |
| 0:14 | Peon |
| 0:16 | Altar of Storms |
| 0:18 | Orc Burrow |
| 0:51 | Peon |
| 0:57 | Barracks |
| 1:28 | Orc Burrow |
| 1:31 | Peon |
| 1:53 | Voodoo Lounge |
| 2:02 | Grunt |
| 2:15 | Peon |
| 2:35 | War Mill |
| 2:40 | Serpent Ward |
| 3:25 | Grunt |
| 3:27 | War Mill |
| 3:30 | Peon |
| 3:30 | Peon |
| 3:59 | Peon |
| 4:14 | Peon |
| 4:15 | Grunt |
| 4:28 | Great Hall |
| 5:22 | Hex |
| 5:28 | Troll Headhunter |
| 5:30 | Stronghold |
| 5:36 | Orc Burrow |
| 5:39 | Healing Salve |
| 5:43 | Lesser Clarity Potion |
| 5:58 | Steel Armor |
| 6:51 | Troll Headhunter |
| 6:53 | Steel Ranged Weapons |
| 6:56 | Serpent Ward |
| 7:09 | Troll Headhunter |
| 7:14 | Peon |
| 7:14 | Peon |
| 7:14 | Peon |
| 7:20 | Healing Salve |
| 7:26 | Lesser Clarity Potion |
| 7:31 | Healing Salve |
| 7:38 | Troll Headhunter |
| 7:55 | Beastiary |
| 7:57 | Beastiary |
| 9:01 | Troll Headhunter |
| 9:02 | Peon |
| 9:03 | Peon |
| 9:07 | Wind Rider |
| 9:23 | Hex |
| 9:41 | Fortress |
| 9:45 | Orc Burrow |
| 10:43 | Lesser Clarity Potion |
| 10:44 | Healing Salve |
| 10:52 | Healing Salve |
| 10:57 | Scroll of Speed |
| 11:04 | Wind Rider |
| 11:07 | Orc Burrow |
| 11:09 | Thorium Armor |
| 12:23 | Serpent Ward |
| 12:27 | Orb of Lightning |
| 12:28 | Scroll of Town Portal |
| 12:29 | Healing Salve |
| 12:37 | Lesser Clarity Potion |
| 12:40 | Scroll of Speed |
| 13:03 | Envenomed Spears |
| 13:04 | Wind Rider |
| 13:32 | Voodoo Lounge |
| 13:35 | Goblin Shredder |
| 13:46 | Berserker Upgrade |
| 13:47 | Troll Headhunter |
| 14:34 | Troll Batrider |
| 14:47 | Voodoo Lounge |
| 14:50 | Voodoo Lounge |
| 14:52 | Voodoo Lounge |
| 14:53 | Voodoo Lounge |
| 15:56 | Troll Batrider |
| 15:56 | Liquid Fire |
| 16:06 | Beastiary |
| 16:14 | Beastiary |
| 16:17 | Troll Batrider |
| 16:17 | Troll Batrider |
| 17:02 | Scroll of Town Portal |
| 17:16 | Boots of Speed |
| 17:31 | Troll Batrider |
| 17:34 | Arcanite Armor |
| 18:26 | Troll Batrider |
| 18:29 | Beastiary |
| 18:31 | Healing Salve |
| 18:35 | Lesser Clarity Potion |
| 18:42 | Potion of Healing |
| 18:50 | Scroll of Town Portal |
| 19:16 | Potion of Healing |
| 19:29 | Scroll of Town Portal |
| 19:45 | Big Bad Voodoo |
| 20:14 | Troll Batrider |
| 20:40 | Thorium Ranged Weapons |
| 20:42 | Troll Batrider |
| 21:02 | Voodoo Lounge |
| 21:06 | Voodoo Lounge |
| 21:12 | Voodoo Lounge |
| 21:16 | Voodoo Lounge |
| 21:17 | Voodoo Lounge |
| 21:36 | Troll Batrider |
| 22:52 | Troll Batrider |
| 22:54 | Troll Batrider |
| Right click | 742 |
| Select | 354 |
| Select group | 129 |
| Use ability | 107 |
| Build/train/purchase | 88 |
| Chat | 87 |
| Assign group | 35 |
| Resource trade | 25 |
| Misc. action | 7 |
| Item give/drop | 6 |
| Minimap ping | 3 |
| Remove unit | 1 |


| Lesser Clarity Potion | 2 | 140 |
| Staff of Preservation | 1 | 150 |
| Anti-magic Potion | 2 | 200 |
| Scroll of Town Portal | 4 | 1400 |
| Scroll of Healing | 1 | 250 |
| total: | 10 | 2140g |
| Wisp | 21 | 1260 | / | 0 |
| Archer | 15 | 1950 | / | 150 |
| Druid of the Talon | 3 | 435 | / | 60 |
| Hippogryph | 14 | 2240 | / | 280 |
| total: | 53 | 5885g | / | 490w |
| Moon Well | 9 | 1620 | / | 360 |
| Altar of Elders | 2 | 360 | / | 100 |
| Ancient of War | 2 | 300 | / | 120 |
| Ancient of Wonders | 1 | 90 | / | 30 |
| Tree of Life | 1 | 340 | / | 185 |
| Hunter's Hall | 1 | 210 | / | 100 |
| Ancient of Wind | 5 | 750 | / | 700 |
| Tree of Ages | 1 | 320 | / | 180 |
| Tree of Eternity | 1 | 330 | / | 200 |
| total: | 21 | 3670g | / | 1595w |
| 0:07 | Wisp |
| 0:07 | Wisp |
| 0:13 | Moon Well |
| 0:25 | Altar of Elders |
| 0:35 | Wisp |
| 0:51 | Wisp |
| 1:06 | Wisp |
| 1:14 | Wisp |
| 1:32 | Ancient of War |
| 1:39 | Ancient of War |
| 1:40 | Wisp |
| 1:46 | Moon Well |
| 1:55 | Wisp |
| 2:12 | Wisp |
| 2:18 | Ancient of Wonders |
| 2:33 | Trueshot Aura |
| 2:35 | Wisp |
| 2:37 | Archer |
| 2:40 | Archer |
| 3:12 | Archer |
| 3:38 | Tree of Ages |
| 4:02 | Archer |
| 4:36 | Searing Arrows |
| 4:39 | Moon Well |
| 5:20 | Tree of Life |
| 5:35 | Archer |
| 5:51 | Archer |
| 6:12 | Improved Bows |
| 6:25 | Ancient of Wind |
| 6:28 | Hunter's Hall |
| 6:52 | Trueshot Aura |
| 6:58 | Tree of Eternity |
| 7:19 | Archer |
| 7:21 | Moon Well |
| 7:25 | Wisp |
| 7:45 | Archer |
| 7:52 | Searing Arrows |
| 8:07 | Druid of the Talon |
| 8:47 | Archer |
| 8:58 | Wisp |
| 8:58 | Wisp |
| 8:58 | Wisp |
| 8:59 | Wisp |
| 9:36 | Marksmanship |
| 9:37 | Druid of the Talon |
| 9:49 | Frost Arrows |
| 10:15 | Trueshot Aura |
| 10:19 | Archer |
| 10:20 | Druid of the Talon Adept Training |
| 10:22 | Wisp |
| 10:27 | Moon Well |
| 10:53 | Well Spring |
| 11:03 | Forked Lightning |
| 11:30 | Lesser Clarity Potion |
| 11:34 | Scroll of Town Portal |
| 11:35 | Staff of Preservation |
| 11:37 | Archer |
| 11:40 | Druid of the Talon |
| 11:58 | Scroll of Town Portal |
| 12:29 | Archer |
| 12:31 | Moon Well |
| 12:32 | Moon Well |
| 13:21 | Strength of the Moon |
| 13:58 | Moon Well |
| 14:30 | Frost Arrows |
| 14:35 | Archer |
| 14:37 | Wisp |
| 14:37 | Wisp |
| 14:37 | Wisp |
| 14:47 | Druid of the Talon Master Training |
| 15:08 | Archer |
| 15:08 | Archer |
| 15:40 | Hippogryph |
| 15:41 | Hippogryph |
| 15:49 | Hippogryph |
| 15:50 | Improved Strength of the Moon |
| 15:51 | Wisp |
| 15:51 | Wisp |
| 16:10 | Moon Well |
| 16:35 | Mark of the Talon |
| 16:38 | Moon Armor |
| 17:11 | Ancient of Wind |
| 17:15 | Strength of the Wild |
| 17:25 | Ancient of Wind |
| 17:32 | Lesser Clarity Potion |
| 17:34 | Hippogryph |
| 17:45 | Ancient of Wind |
| 17:54 | Hippogryph |
| 17:54 | Hippogryph |
| 18:00 | Anti-magic Potion |
| 18:00 | Anti-magic Potion |
| 18:09 | Reinforced Hides |
| 18:15 | Ancient of Wind |
| 18:20 | Starfall |
| 18:30 | Hippogryph |
| 18:30 | Hippogryph |
| 18:30 | Hippogryph |
| 19:00 | Hippogryph |
| 19:00 | Hippogryph |
| 19:00 | Hippogryph |
| 19:17 | Scroll of Town Portal |
| 19:18 | Scroll of Town Portal |
| 19:18 | Scroll of Healing |
| 19:26 | Hippogryph |
| 19:27 | Hippogryph |
| 19:48 | Altar of Elders |
| Right click | 1007 |
| Select group | 515 |
| Select | 340 |
| Build/train/purchase | 102 |
| Chat | 41 |
| Assign group | 29 |
| Misc. action | 12 |
| Use ability | 9 |
| Item give/drop | 7 |
| Minimap ping | 4 |
| Resource trade | 4 |
| Remove unit | 2 |
| Esc | 2 |


| Rod of Necromancy | 1 | 150 |
| Sacrificial Skull | 1 | 50 |
| Potion of Healing | 4 | 600 |
| Potion of Mana | 4 | 800 |
| Orb of Corruption | 1 | 375 |
| Scroll of Town Portal | 5 | 1750 |
| Orb of Venom | 1 | 325 |
| total: | 17 | 4050g |
| Acolyte | 7 | 525 | / | 0 |
| Ghoul | 3 | 360 | / | 0 |
| Crypt Fiend | 3 | 645 | / | 120 |
| Frost Wyrm | 3 | 1155 | / | 360 |
| Gargoyle | 9 | 1575 | / | 270 |
| Goblin Shredder | 2 | 750 | / | 200 |
| total: | 27 | 5010g | / | 950w |
| Nerubian Tower | 1 | 100 | / | 20 |
| Spirit Tower | 1 | 145 | / | 40 |
| Ziggurat | 8 | 1200 | / | 400 |
| Graveyard | 1 | 215 | / | 0 |
| Altar of Darkness | 1 | 180 | / | 50 |
| Tomb of Relics | 1 | 130 | / | 30 |
| Crypt | 2 | 400 | / | 100 |
| Sacrificial Pit | 1 | 75 | / | 150 |
| Boneyard | 2 | 350 | / | 400 |
| Halls of the Dead | 1 | 320 | / | 210 |
| Black Citadel | 1 | 325 | / | 230 |
| total: | 16 | 2550g | / | 1130w |
| 0:05 | Acolyte |
| 0:10 | Ziggurat |
| 0:17 | Graveyard |
| 0:27 | Altar of Darkness |
| 0:38 | Acolyte |
| 0:48 | Tomb of Relics |
| 1:09 | Crypt |
| 1:26 | Ziggurat |
| 1:36 | Nerubian Tower |
| 1:44 | Acolyte |
| 2:12 | Crypt |
| 2:17 | Ghoul |
| 2:27 | Carrion Beetles |
| 2:41 | Rod of Necromancy |
| 2:42 | Sacrificial Skull |
| 2:47 | Ghoul |
| 3:19 | Ghoul |
| 4:03 | Acolyte |
| 4:03 | Acolyte |
| 4:11 | Impale |
| 4:21 | Ziggurat |
| 4:22 | Ziggurat |
| 4:28 | Acolyte |
| 5:09 | Halls of the Dead |
| 5:33 | Impale |
| 5:43 | Spirit Tower |
| 5:44 | Crypt Fiend |
| 6:20 | Crypt Fiend |
| 6:21 | Creature Attack |
| 7:06 | Creature Carapace |
| 7:07 | Crypt Fiend |
| 7:35 | Web |
| 7:36 | Burrow |
| 7:37 | Black Citadel |
| 8:40 | Scroll of Town Portal |
| 8:41 | Potion of Healing |
| 8:41 | Potion of Mana |
| 8:46 | Sacrificial Pit |
| 9:02 | Potion of Healing |
| 9:02 | Potion of Mana |
| 9:23 | Ziggurat |
| 9:25 | Ziggurat |
| 9:27 | Improved Creature Attack |
| 9:40 | Spiked Carapace |
| 9:53 | Death Coil |
| 9:54 | Potion of Healing |
| 10:10 | Boneyard |
| 10:41 | Boneyard |
| 11:21 | Orb of Corruption |
| 11:21 | Scroll of Town Portal |
| 12:11 | Scroll of Town Portal |
| 12:14 | Death Pact |
| 12:20 | Goblin Shredder |
| 13:00 | Orb of Venom |
| 13:06 | Impale |
| 13:18 | Acolyte |
| 13:24 | Frost Wyrm |
| 13:30 | Potion of Mana |
| 13:30 | Potion of Mana |
| 13:37 | Scroll of Town Portal |
| 13:38 | Potion of Healing |
| 13:59 | Frost Wyrm |
| 14:19 | Gargoyle |
| 15:31 | Death Coil |
| 15:34 | Gargoyle |
| 15:34 | Gargoyle |
| 15:34 | Gargoyle |
| 15:34 | Gargoyle |
| 16:38 | Advanced Creature Attack |
| 16:38 | Improved Creature Carapace |
| 17:09 | Scroll of Town Portal |
| 17:48 | Goblin Shredder |
| 17:54 | Ziggurat |
| 18:17 | Death Pact |
| 18:23 | Spiked Carapace |
| 18:58 | Ziggurat |
| 19:31 | Death Coil |
| 19:34 | Locust Swarm |
| 19:55 | Frost Wyrm |
| 19:56 | Gargoyle |
| 19:56 | Gargoyle |
| 19:56 | Gargoyle |
| 19:56 | Gargoyle |
| Right click | 462 |
| Select | 336 |
| Build/train/purchase | 106 |
| Use ability | 36 |
| Misc. action | 13 |
| Chat | 12 |
| Resource trade | 10 |
| Minimap ping | 3 |
| Assign group | 2 |
⇛